 Dungeon Crawl Stone Soup version 0.29.1-15-g9cfb28693d (webtiles) character file.

Game seed: 9179792969707061672

1392 112233 the Magician (level 8, -3/52 HPs)
             Began as an Octopode Fire Elementalist on Feb 23, 2023.
             Was a Follower of Vehumet.
             Killed from afar by a white imp (9 damage)
             ... with a puff of frost
             ... on level 6 of the Dungeon.
             The game lasted 00:05:37 (8454 turns).

112233 the Magician (Octopode Fire Elementalist)    Turns: 8454, Time: 00:05:38

Health: -3/52      AC:  1    Str:  8    XL:     8   Next: 68%
Magic:  7/17       EV: 18    Int: 19    God:    Vehumet [*.....]
Gold:   134        SH:  0    Dex: 12    Spells: 9/19 levels left

rFire   . . .      SeeInvis .   j - staff of conjuration
rCold   . . .      Faith    +   (no shield)
rNeg    . . .      Spirit   .   (helmet restricted)
rPois   .          Reflect  .   n - amulet of faith
rElec   .          Harm     .   f - ring of wizardry
rCorr   .          Rampage  .   v - +4 ring of evasion
Will    .....                   (no ring)
Stlth   +++.......              (no ring)
HPRegen 0.17/turn               (no ring)
MPRegen 0.15/turn               (no ring)
                                (no ring)
                                (no ring)

@: no status effects
A: almost no armour, amphibious, 8 rings, camouflage 1, gelatinous body 1,
(nimble swimmer 1), tentacles
a: Renounce Religion


You were on level 6 of the Dungeon.
You worshipped Vehumet.
Vehumet was aware of your devotion.
You visited 1 branch of the dungeon, and saw 6 of its levels.
You also visited: Sewer.

You collected 299 gold pieces.
You spent 165 gold pieces at shops.

Inventory:

Hand Weapons
 g - a +0 dagger
Magical Staves
 j - a staff of conjuration (weapon)
Jewellery
 f - a ring of wizardry (left tentacle)
 k - an amulet of the acrobat
 n - an amulet of faith (around mantle)
 v - a +4 ring of evasion (right tentacle)
Wands
 y - a wand of paralysis (4)
Scrolls
 b - a scroll of blinking
 c - a scroll of noise
 l - 2 scrolls of enchant armour
 o - 2 scrolls of teleportation
 p - a scroll of torment {unknown}
 r - a scroll of butterflies
 t - a scroll of immolation {unknown}
 A - a scroll of fear {unknown}
 C - a scroll of silence {unknown}
 E - a scroll of summoning {unknown}
 F - a scroll of identify
 G - a scroll of enchant weapon {unknown}
Potions
 a - 4 potions of magic
 d - 2 potions of berserk rage
 e - 4 potions of degeneration
 h - 3 potions of attraction
 i - 5 potions of curing
 m - a potion of lignification {unknown}
 q - a potion of flight {unknown}
 s - a potion of invisibility {unknown}
 u - 2 potions of haste {unknown}
 w - 5 potions of mutation
 x - 3 potions of cancellation
 z - a potion of brilliance {unknown}
 B - a potion of resistance {unknown}
 D - a potion of heal wounds {unknown}


   Skills:
 + Level 3.1 Fighting
 + Level 3.8 Dodging
 - Level 2.8 Stealth
 + Level 6.1 Spellcasting
 + Level 3.5 Conjurations
 + Level 4.5 Fire Magic
 + Level 5.0 Poison Magic


You had 9 spell levels left.
You knew the following spells:

 Your Spells              Type           Power      Damage    Failure   Level
a - Foxfire               Conj/Fire      100%       2x1d9     1%          1
b - Scorch                Fire           46%        2d7       1%          2
c - Ignite Poison         Fire/Tmut/Pois 17%        N/A       3%          3
d - Olgreb's Toxic Radia  Pois           25%        N/A       6%          4

Your spell library contained the following spells:

 Spells                   Type           Power      Damage    Failure   Level
 Freeze                   Ice            20%        1d4       4%          1
 Sting                    Tmut/Pois      60%        1d6       1%          1
 Shock                    Conj/Air       72%        1d7       2%          1
 Poisonous Vapours        Pois/Air       30%        N/A       2%          2
 Conjure Flame            Conj/Fire      31%        6-21      2%          3
 Mephitic Cloud           Conj/Pois/Air  25%        N/A       4%          3
 Inner Flame              Hex/Fire       14%        N/A       5%          3
 Sublimation of Blood     Necr           5%         N/A       7%          2
 Wereblood                Tmut           5%         N/A       7%          2
 Flame Wave               Conj/Fire      31%        2d9       9%          4
 Swiftness                Air            5%         N/A       13%         3
 Airstrike                Air            2%         2d(1-17)  38%         4
 Freezing Cloud           Conj/Ice/Air   7%         6-21      56%         5
 Summon Hydra             Summ           2%         N/A       100%        7


Dungeon Overview and Level Annotations

Branches:
Dungeon (6/15)              Sewer (visited)
 Temple: D:4-7

Altars:
Fedhas
Vehumet
Zin

Shops:
D:5 **?(

Annotations:
D:5 4 runed translucent doors, Crazy Yiuf; Descartes's ghost, novice GrWn


Innate Abilities, Weirdness & Mutations

You cannot wear most types of armour.
You are amphibious.
You can wear up to eight rings at the same time.
Your skin changes colour to match your surroundings (Stealth+).
Your rubbery body absorbs attacks. (AC +1, EV +1)
((You are camouflaged when in or above water. (Stealth+)))
You have tentacles for arms and can constrict up to eight enemies at once.


Message History

Vehumet accepts your kill.
The foxfire hits the iguana.
The iguana is moderately wounded.
Your Fighting skill increases to level 3!
Your Poison Magic skill increases to level 5!
The iguana attacks as you move away! The iguana barely misses you.
Casting: Foxfire (safe; 1% risk of failure)
Confirm with . or Enter, or press ? or * to list all spells.
Flames lash the sky beast.
The sky beast is moderately wounded.
The sky beast's fire resistance burns away.
The iguana bites you!
The sky beast flickers out of sight!
Deactivating autopickup; reactivate with Ctrl-A.
The black bear is no longer paralysed.
Something hits you. Something shocks you. The iguana barely misses you.
Unknown command.
Unknown command.
As you read the scroll of teleportation, it crumbles to dust.
You feel strangely unstable. The iguana closely misses you. Something hits you.
Something shocks you.
Unknown command.
Something hits you. Something shocks you. Something hits you.
Something shocks you.
* * * LOW HITPOINT WARNING * * *
Your surroundings suddenly seem different.
A white imp comes into view.
Found a ring mail.
The white imp shouts!
The white imp hits you.
* * * LOW HITPOINT WARNING * * *
The white imp freezes you.
* * * LOW HITPOINT WARNING * * *
Casting: Scorch (safe; 1% risk of failure)
Confirm with . or Enter, or press ? or * to list all spells.
Flames lash the white imp.
The white imp is burned terribly!
The white imp is heavily wounded.
The white imp's fire resistance burns away.
The white imp gestures at you. The puff of frost hits you!
You die...

.................... #
#.#.........[...######
.....................
#####..........<....#
# #+##............+
###..........#
##.........#
+.........#
#.....@5.[# ####+##
#..........# #......
...........# #...... #
############
####...... .
#......... #
#.#......# #.#......#
###'#......#
#..........#


You could see a white imp (combustible).

Vanquished Creatures
  An ice beast (D:6)
  A black bear (D:5)
  A centaur (D:5)
  7 kobold brigands (Sewer)
  Blork the orc (D:4)
  A scorpion (D:6)
  2 jellies
  3 hounds
  An orc priest (D:3)
  An iguana (D:5)
  An orc wizard (D:6)
  Ijyb (D:5)
  3 river rats (Sewer)
  12 adders
  3 ufetubi
  4 worms
  2 dart slugs
  6 orcs
  17 ball pythons
  10 bats
  7 endoplasms
  8 giant cockroaches
  5 goblins
  3 hobgoblins
  12 kobolds
  2 quokkas (D:2)
  4 frilled lizards
  8 rats
127 creatures vanquished.

Vanquished Creatures (others)
  522 foxfires
522 creatures vanquished.

Grand Total: 649 creatures vanquished

Notes
Turn   | Place    | Note
-------+----------+-------------------------------------------
     0 | D:1      | 112233 the Octopode Fire Elementalist began the quest for
                  | the Orb.
     0 | D:1      | Reached XP level 1. HP: 11/11 MP: 3/3
   434 | D:1      | Reached XP level 2. HP: 17/17 MP: 3/5
   682 | D:1      | Learned a level 2 spell: Scorch
   714 | D:1      | Found a faded altar of an unknown god.
  1078 | D:1      | Reached skill level 3 in Spellcasting
  1119 | D:1      | Reached XP level 3. HP: 21/21 MP: 5/7
  1819 | D:2      | Reached XP level 4. HP: 27/27 MP: 4/9
  2479 | D:2      | Reached skill level 4 in Spellcasting
  3110 | D:3      | Reached XP level 5. HP: 18/31 MP: 6/11
  3363 | D:3      | Learned a level 3 spell: Ignite Poison
  3799 | D:3      | Found a glowing silver altar of Zin.
  4003 | D:4      | Reached skill level 1 in Poison Magic
  4011 | D:4      | Reached skill level 5 in Spellcasting
  4390 | D:4      | Noticed Blork the orc
  4397 | D:4      | Killed Blork the orc
  4398 | D:4      | Reached XP level 6. HP: 17/36 MP: 5/13
  5105 | D:4      | Found a radiant altar of Vehumet.
  5114 | D:4      | Found a blossoming altar of Fedhas.
  5217 | D:4      | Became a worshipper of Vehumet
  5265 | D:5      | Entered Level 5 of the Dungeon
  5265 | D:5      | Noticed a black bear
  5276 | D:5      | Killed a black bear
  5699 | D:5      | Noticed Ijyb
  5706 | D:5      | Killed Ijyb
  5842 | D:5      | Found a glowing drain.
  5857 | D:5      | Reached skill level 1 in Fighting
  5857 | D:5      | Reached XP level 7. HP: 38/43 MP: 10/15
  5950 | Sewer    | Entered a sewer
  6713 | Sewer    | Reached XP level 8. HP: 50/50 MP: 13/16
  6715 | Sewer    | Reached * piety under Vehumet
  6715 | Sewer    | Offered knowledge of Freeze by Vehumet.
  7424 | D:5      | Found Eradamyu's Antique Weapon Shop.
  7425 | D:5      | Found Jobeab's Magic Scroll Boutique.
  7425 | D:5      | Found Plog's General Store.
  7427 | D:5      | Found Potak's Assorted Antiques.
  7451 | D:5      | Bought a scroll labelled QESSYUTOER for 28 gold pieces
  7451 | D:5      | Bought a scroll labelled QESSYUTOER for 28 gold pieces
  7451 | D:5      | Bought a scroll labelled RUHIORCHIURPH for 28 gold pieces
  7451 | D:5      | Bought a scroll labelled QESSYUTOER for 28 gold pieces
  7451 | D:5      | Bought a scroll labelled QESSYUTOER for 28 gold pieces
  7451 | D:5      | Bought a bubbling puce potion for 25 gold pieces
  7493 | D:5      | Found a runed translucent door.
  7494 | D:5      | Noticed Crazy Yiuf
  7754 | D:5      | Found a runed translucent gate.
  7754 | D:5      | Found a runed translucent gate.
  7754 | D:5      | Found a runed translucent gate.
  7760 | D:5      | Noticed Descartes's ghost (novice GrWn)
  7762 | D:5      | Identified the +8 sling of Boticeve {freeze, rN++ Will-}
  7762 | D:5      | Identified the +0 ring mail of the Other Side {Will+ Int+5}
  7871 | D:6      | Learned a level 4 spell: Olgreb's Toxic Radiance
  7879 | D:6      | Reached skill level 6 in Spellcasting
  8446 | D:6      | Reached skill level 5 in Poison Magic
  8454 | D:6      | Killed from afar by a white imp

Illustrated notes

Levels and vault maps discovered:
D:1:      nicolae_arrival_somewhat_less_tricky_arrival, layout_loops_ring,
          chequers_ecumenical_altar_island, kennysheep_small_spiral
D:2:      layout_basic, minmay_splitting_lines
D:3:      layout_loops_ring, zin_scriptorium, serial_glass, glass_columns_a,
          glass_columns_b, glass_columns_a, glass_columns_a,
          minmay_strange_pillars, item_on_display_a, feat_on_display
D:4:      layout_loops_ring, mainiacjoe_overflow_swirl, uniq_blork_the_orc
D:5:      layout_loops_ring, biasface_ghost_orc_armoury,
          lightli_ossuary_entry_decrepit_ruins, gup_sewer_entry_glass,
          nicolae_wooded_promenade, kennysheep_cross_bottleneck,
          uniq_crazy_yiuf_cottage, uniq_ijyb
D:6:      layout_basic, minmay_temple_entry_overgrown, minmay_divided_ellipse

Skill      XL: |  1  2  3  4  5  6  7  8 |
---------------+-------------------------+-----
Spellcasting   | 3 4 5 6 |  6.1
Poison Magic   | 2 3 4 5 |  5.0
Fighting       | 1 2 3 |  3.1
Conjurations   | 2 3 |  3.5
Dodging        | 3 |  3.8
Fire Magic     | 4 |  4.5
Stealth        | |  2.8

Action                   |  1- 3 |  4- 6 |  7- 9 || total
-------------------------+-------+-------+-------++-------
 Cast: Foxfire           |    85 |   129 |   102 ||   316
       Scorch            |     1 |    20 |    35 ||    56
Evoke: Wand              |       |       |     1 ||     1
  Use: Scroll            |       |       |    12 ||    12
Armor: Skin              |     3 |     1 |       ||     4
Dodge: Dodged            |     6 |    37 |    65 ||   108
